 Dungeon Crawl Stone Soup version 0.28.0-1-gb440e238dd (webtiles) character file.

Game seed: 5700019394141636806

51 hikkokomori the Digger (level 3, -1/19 HPs)
             Began as a Gargoyle Earth Elementalist on Feb 21, 2022.
             Killed from afar by an orc wizard (9 damage)
             ... with a puff of flame
             ... on level 3 of the Dungeon.
             The game lasted 00:04:36 (2002 turns).

hikkokomori the Digger (GrEE)                       Turns: 2002, Time: 00:04:36

Health: -1/19      AC:  8    Str: 11    XL:     3   Next: 83%
Magic:  1/7        EV: 10    Int: 17    God:
Gold:   102        SH:  8    Dex: 10    Spells: 6/7 levels left

rFire   . . .      SeeInvis .   d - +0 short sword
rCold   . . .      Faith    .   n - +2 kite shield {AC+3}
rNeg    + . .      Spirit   .   b - +0 robe
rPois   ∞          Reflect  .   (no helmet)
rElec   +          Harm     .   (no cloak)
rCorr   .          Rampage  .   (no gloves)
Will    .....                   (no boots)
Stlth   ++........              (no amulet)
HPRegen 0.06/turn               (no ring)
MPRegen 0.10/turn               (no ring)

@: no status effects
A: sickness immunity, AC +3, negative energy resistance 1, electricity
resistance, torment resistance 1, petrification resistance
a: no special abilities


You were on level 3 of the Dungeon.
You visited 1 branch of the dungeon, and saw 3 of its levels.

You collected 102 gold pieces.

Inventory:

Hand Weapons
 d - a +0 short sword (weapon)
Missiles
 c - 45 stones
 f - a throwing net
Armour
 b - a +0 robe (worn)
 e - an orb of light
 n - a +2 kite shield of protection (worn)
Scrolls
 a - a scroll of amnesia {unknown}
 g - 2 scrolls of identify {unknown}
 i - 2 scrolls of immolation {unknown}
 j - a scroll of enchant armour {unknown}
 k - a scroll of torment {unknown}
 m - a scroll of teleportation {unknown}
 o - a scroll of fear {unknown}
Potions
 h - a potion of flight {unknown}
 l - a potion of curing {unknown}
 p - a potion of heal wounds {unknown}


   Skills:
 - Level 1.5 Dodging
 - Level 2.7 Stealth
 + Level 0.4 Shields
 + Level 2.8 Spellcasting
 - Level 0.7 Transmutations
 + Level 4.5 Earth Magic


You had 6 spell levels left.
You knew the following spells:

 Your Spells              Type           Power      Damage    Failure   Level
a - Sandblast             Erth           34%        2d9       10%         1

Your spell library contained the following spells:

 Spells                   Type           Power      Damage    Failure   Level
 Passwall                 Tmut/Erth      9%         N/A       32%         2
 Apportation              Tloc           4%         N/A       54%         1
 Stone Arrow              Conj/Erth      20%        3d8       58%         3
 Petrify                  Tmut/Erth      11%        N/A       91%         4
 Alistair's Intoxication  Tmut/Pois      2%         N/A       100%        5


Dungeon Overview and Level Annotations

Branches:
Dungeon (3/15)

Altars:


Innate Abilities, Weirdness & Mutations

You are immune to sickness and miasma.
Your stone body is resilient. (AC +3)
You are immune to poison.
You resist negative energy. (rN+)
You are resistant to electric shocks. (rElec)
You are resistant to unholy torment.
You are immune to petrification.


Message History

Casting: Sandblast (safe; 10% risk of failure)
Confirm with . or Enter, or press ? or * to list all spells.
You don't know that spell.
You hit the orc but do no damage. The orc hits you with a +0 club.
You hit the orc.
The orc is moderately wounded.
The orc closely misses you. The orc barely misses you.
You barely miss the orc.
The orc is moderately wounded.
The orc hits you but does no damage.
You barely miss the orc.
The orc is moderately wounded.
The orc wizard gestures wildly while chanting.
The orc wizard flickers and vanishes!
Deactivating autopickup; reactivate with Ctrl-A.
The orc hits you with a +0 club.
Your magical contamination has completely faded away.
Casting: Sandblast (safe; 10% risk of failure)
Confirm with . or Enter, or press ? or * to list all spells.
Aiming: Sandblast (safe; 10% risk of failure)
Press: ? - help, Shift-Dir - straight line, f/p - orc
Aim: an orc, wielding a +0 club and wearing a +0 chain mail (moderately wounded, 85% to hit)
The blast of sand hits the orc but does no damage.
The orc is moderately wounded.
You block the orc's attack.
You hit the orc but do no damage.
The orc is moderately wounded.
You block the orc's attack.
You hit the orc but do no damage.
The orc is moderately wounded.
You block the orc's attack. The orc closely misses you.
You hit the orc.
The orc is almost dead.
The orc hits you with a +0 club.
You hit the orc.
You kill the orc!
You hear some strange, mumbled words.
A puff of flame appears from out of thin air!
The puff of flame hits you!
You die...

.. ##. .... .....#######
##... .#.....########## ...
...#.###....@){...#
.#.....#.###..#######.#
.......#.#......# #.#
########.###..#.# #{#
.........#....#.#............
..########.#.##.#.###.#.....#
..#...........#.# #.##....#
..............#.# ### .##.#
>.#....#.####.#.# . .


There were no monsters in sight!

Vanquished Creatures
  2 worms
  3 dart slugs
  An orc (D:3)
  4 bats
  4 endoplasms
  4 hobgoblins
  4 jackals (D:2)
  3 quokkas
  4 ball pythons
  A frilled lizard (D:1)
  3 goblins
  4 kobolds (D:1)
  2 rats (D:1)
39 creatures vanquished.

Notes
Turn   | Place    | Note
-------+----------+-------------------------------------------
     0 | D:1      | hikkokomori the Gargoyle Earth Elementalist began the quest
                  | for the Orb.
     0 | D:1      | Reached XP level 1. HP: 10/10 MP: 3/3
   310 | D:1      | Reached XP level 2. HP: 15/15 MP: 0/5
   578 | D:1      | Reached skill level 4 in Earth Magic
  1133 | D:2      | Reached XP level 3. HP: 19/19 MP: 6/6
  2002 | D:3      | Killed from afar by an orc wizard

Illustrated notes

Levels and vault maps discovered:
D:1:      dpeg_arrival_lava_altar, layout_loops_ring
D:2:      layout_rooms, minmay_misc_feat_square
D:3:      layout_basic, serial_co_window_serial, co_window_of_opportunity_a,
          co_window_corner_a, co_window_paths_a, co_window_paths_a,
          co_window_corner_a, co_window_corner_a, co_window_corner_b,
          co_window_corner_b, co_window_of_opportunity_c, co_window_paths_c,
          co_window_broadway_b, co_window_cross_4, co_window_unsneaky_path_a,
          glass_columns_a, glass_columns_b, glass_columns_a

Skill      XL: |  1  2 |
---------------+-------+-----
Earth Magic    | 4 |  4.5
Dodging        | |  1.5
Stealth        | |  2.7
Shields        | |  0.4
Spellcasting   | |  2.8
Transmutations | |  0.7

Action                   || total
-------------------------++-------
Melee: Unarmed           ||     9
       Short sword       ||    45
 Cast: Sandblast         ||    47
 Stab: Sleeping          ||     3
Armor: Robe              ||    17
Dodge: Dodged            ||    36
Block: Kite shield       ||     8
